[ AOE2 MATCH · #472054201 ]
UnrankedFranks vs Japanese
[ REPLAY ANALYSIS · EXTRACTED FROM THE RECORDED GAME ]
Feudal
—
Castle
—
Imperial
—
| APM avg | 112.7 |
| APM peak | 159 |
| eAPM avg | 41.4 |
| Villagers / military | 24 / 0 |
Focus
⚔️ 71.9% · 🌾 28.1%
Feudal
—
Castle
—
Imperial
—
| APM avg | 37.3 |
| APM peak | 45 |
| eAPM avg | 18.5 |
| Villagers / military | 24 / 0 |
Focus
⚔️ 41.7% · 🌾 58.3%
Feudal
—
Castle
—
Imperial
—
| APM avg | 55.7 |
| APM peak | 80 |
| eAPM avg | 22.5 |
| Villagers / military | 15 / 0 |
Focus
⚔️ 41.7% · 🌾 58.3%
Feudal
—
Castle
—
Imperial
—
| APM avg | 49.8 |
| APM peak | 67 |
| eAPM avg | 20.1 |
| Villagers / military | 21 / 0 |
Focus
⚔️ 36.6% · 🌾 63.4%
Feudal
—
Castle
—
Imperial
—
| APM avg | 41.1 |
| APM peak | 83 |
| eAPM avg | 12.5 |
| Villagers / military | 20 / 0 |
Focus
⚔️ 17.4% · 🌾 82.6%
Feudal
—
Castle
—
Imperial
—
| APM avg | 35.6 |
| APM peak | 68 |
| eAPM avg | 14.1 |
| Villagers / military | 23 / 0 |
Focus
⚔️ 21.4% · 🌾 78.6%
Feudal
—
Castle
—
Imperial
—
| APM avg | 50.9 |
| APM peak | 76 |
| eAPM avg | 16.4 |
| Villagers / military | 19 / 0 |
Focus
⚔️ 19.0% · 🌾 81.0%
Feudal
—
Castle
—
Imperial
—
| APM avg | 37.6 |
| APM peak | 71 |
| eAPM avg | 18.1 |
| Villagers / military | 25 / 0 |
Focus
⚔️ 19.8% · 🌾 80.2%
Match map
Initial resources + every placement click. Lines = walls · curves = elevation contours. ◆ gold · ⬟ stone · ● berries · ✦ relic · ◌ wall gap
Your base
pren's base
Thundernips, The Ultimate Gigolo's base
Ceeelebrate's base
RiasSei's base
Davidnwantfoy's base
Kinder's base
FC | The Finrod Felegund's base
Smoothed initial terrain · ◌ = detected wall gap · hover for details
Inputs per minute
— Don_Bourbon - - pren
Build order — Don_Bourbon
32 actions detected in the replay
| 0:01 | Create | Villager (Male) |
| 0:01 | Create | Villager (Male) |
| 0:01 | Create | Villager (Male) |
| 0:02 | Create | Villager (Male) |
| 0:02 | Create | Villager (Male) |
| 0:03 | Build | House |
| 0:04 | Build | House |
| 1:07 | Research | Loom |
| 1:08 | Create | Villager (Male) |
| 1:08 | Create | Villager (Male) |
| 1:28 | Create | Villager (Male) |
| 1:28 | Create | Villager (Male) |
| 1:37 | Build | Palisade Wall |
| 2:24 | Build | Palisade Wall |
| 2:32 | Create | Villager (Male) |
| 2:32 | Create | Villager (Male) |
| 2:41 | Build | Palisade Wall |
| 3:00 | Create | Villager (Male) |
| 3:36 | Create | Villager (Male) |
| 3:56 | Create | Villager (Male) |
| 4:18 | Create | Villager (Male) |
| 4:18 | Create | Villager (Male) |
| 4:47 | Build | House |
| 4:54 | Create | Villager (Male) |
| 4:55 | Create | Villager (Male) |
| 5:08 | Create | Villager (Male) |
| 5:22 | Create | Villager (Male) |
| 5:22 | Create | Villager (Male) |
| 5:24 | Build | Lumber Camp |
| 5:44 | Create | Villager (Male) |
| 6:09 | Create | Villager (Male) |
| 6:09 | Create | Villager (Male) |
Build order — pren
21 actions detected in the replay
| 0:01 | Create | Villager (Male) ×4 |
| 0:01 | Create | Villager (Male) ×4 |
| 0:02 | Build | House |
| 0:03 | Build | House |
| 1:31 | Create | Villager (Male) |
| 1:42 | Create | Villager (Male) |
| 2:11 | Create | Villager (Male) |
| 2:38 | Build | Lumber Camp |
| 2:53 | Create | Villager (Male) |
| 3:03 | Create | Villager (Male) |
| 3:03 | Create | Villager (Male) |
| 3:29 | Build | House |
| 3:34 | Create | Villager (Male) |
| 3:38 | Create | Villager (Male) |
| 4:27 | Create | Villager (Male) |
| 4:28 | Create | Villager (Male) |
| 5:01 | Create | Villager (Male) |
| 5:03 | Build | Mill |
| 5:24 | Build | House |
| 5:47 | Create | Villager (Male) ×4 |
| 6:09 | Create | Villager (Male) |
Build order — Thundernips, The Ultimate Gigolo
21 actions detected in the replay
| 0:00 | Create | Villager (Male) |
| 0:01 | Create | Villager (Male) |
| 0:01 | Create | Villager (Male) |
| 0:01 | Create | Villager (Male) |
| 0:02 | Build | House |
| 0:03 | Build | House |
| 0:23 | Research | Loom |
| 0:24 | Create | Villager (Male) |
| 0:49 | Create | Villager (Male) |
| 0:50 | Create | Villager (Male) |
| 1:19 | Build | Palisade Wall |
| 1:51 | Build | Palisade Wall |
| 2:18 | Build | Lumber Camp |
| 2:34 | Create | Villager (Male) |
| 2:35 | Create | Villager (Male) |
| 3:23 | Create | Villager (Male) |
| 3:59 | Create | Villager (Male) |
| 4:29 | Create | Villager (Male) |
| 4:53 | Create | Villager (Male) |
| 5:17 | Create | Villager (Male) |
| 5:41 | Create | Villager (Male) |
Build order — Ceeelebrate
29 actions detected in the replay
| 0:00 | Create | Villager (Male) |
| 0:03 | Build | House |
| 0:12 | Research | Loom |
| 0:27 | Create | Villager (Male) |
| 0:27 | Create | Villager (Male) |
| 0:28 | Create | Villager (Male) |
| 0:28 | Create | Villager (Male) |
| 0:46 | Build | Palisade Wall |
| 1:11 | Build | Palisade Wall |
| 1:13 | Build | Palisade Wall |
| 1:56 | Create | Villager (Male) |
| 2:18 | Create | Villager (Male) |
| 2:18 | Create | Villager (Male) |
| 2:38 | Create | Villager (Male) |
| 2:38 | Create | Villager (Male) |
| 2:51 | Build | House |
| 3:08 | Build | Lumber Camp |
| 3:17 | Create | Villager (Male) |
| 3:18 | Create | Villager (Male) |
| 4:01 | Create | Villager (Male) |
| 4:01 | Create | Villager (Male) |
| 4:01 | Create | Villager (Male) |
| 4:25 | Create | Villager (Male) |
| 4:25 | Create | Villager (Male) |
| 4:34 | Create | Villager (Male) |
| 4:47 | Build | House |
| 5:20 | Create | Villager (Male) |
| 5:47 | Create | Villager (Male) |
| 5:47 | Create | Villager (Male) |
Build order — RiasSei
24 actions detected in the replay
| 0:00 | Create | Villager (Male) |
| 0:01 | Create | Villager (Male) |
| 0:02 | Build | House |
| 0:03 | Build | House |
| 0:19 | Create | Villager (Male) |
| 0:19 | Create | Villager (Male) |
| 0:20 | Create | Villager (Male) |
| 1:23 | Create | Villager (Male) |
| 1:23 | Create | Villager (Male) |
| 1:45 | Build | Lumber Camp |
| 1:50 | Create | Villager (Male) |
| 2:04 | Create | Villager (Male) |
| 2:05 | Create | Villager (Male) |
| 2:43 | Create | Villager (Male) |
| 2:43 | Create | Villager (Male) |
| 2:58 | Build | House |
| 3:06 | Create | Villager (Male) |
| 3:06 | Create | Villager (Male) |
| 3:37 | Create | Villager (Male) |
| 3:37 | Create | Villager (Male) |
| 3:55 | Create | Villager (Male) |
| 3:55 | Create | Villager (Male) |
| 4:45 | Create | Villager (Male) |
| 4:45 | Create | Villager (Male) |
Build order — Davidnwantfoy
29 actions detected in the replay
| 0:01 | Create | Villager (Male) |
| 0:01 | Create | Villager (Male) |
| 0:01 | Create | Villager (Male) |
| 0:02 | Build | House |
| 0:03 | Build | House |
| 0:17 | Create | Villager (Male) |
| 0:18 | Create | Villager (Male) |
| 1:30 | Create | Villager (Male) |
| 1:30 | Create | Villager (Male) |
| 1:46 | Create | Villager (Male) |
| 1:47 | Create | Villager (Male) |
| 1:49 | Build | Lumber Camp |
| 2:15 | Build | House |
| 2:19 | Create | Villager (Male) |
| 2:19 | Create | Villager (Male) |
| 2:48 | Create | Villager (Male) |
| 2:48 | Create | Villager (Male) |
| 3:10 | Build | House |
| 3:12 | Create | Villager (Male) |
| 3:12 | Create | Villager (Male) |
| 3:32 | Create | Villager (Male) |
| 3:33 | Create | Villager (Male) |
| 3:58 | Create | Villager (Male) |
| 3:58 | Create | Villager (Male) |
| 4:26 | Research | Loom |
| 4:36 | Create | Villager (Male) |
| 4:36 | Create | Villager (Male) |
| 4:36 | Create | Villager (Male) |
| 4:37 | Create | Villager (Male) |
Build order — Kinder
25 actions detected in the replay
| 0:01 | Create | Villager (Male) |
| 0:01 | Create | Villager (Male) |
| 0:01 | Create | Villager (Male) |
| 0:01 | Create | Villager (Male) |
| 0:03 | Build | House |
| 0:04 | Build | House |
| 1:24 | Create | Villager (Male) |
| 1:24 | Create | Villager (Male) |
| 1:47 | Build | Lumber Camp |
| 1:59 | Create | Villager (Male) |
| 2:22 | Create | Villager (Male) |
| 2:51 | Create | Villager (Male) |
| 3:07 | Create | Villager (Male) |
| 3:07 | Create | Villager (Male) |
| 3:39 | Create | Villager (Male) |
| 3:39 | Create | Villager (Male) |
| 3:56 | Create | Villager (Male) |
| 4:02 | Build | House |
| 4:38 | Create | Villager (Male) |
| 4:38 | Create | Villager (Male) |
| 5:01 | Create | Villager (Male) |
| 5:14 | Create | Villager (Male) |
| 5:52 | Create | Villager (Male) |
| 6:08 | Build | House |
| 6:10 | Build | Mill |
Build order — FC | The Finrod Felegund
31 actions detected in the replay
| 0:01 | Create | Villager (Male) |
| 0:02 | Build | House |
| 0:03 | Build | House |
| 0:10 | Create | Villager (Male) |
| 0:10 | Create | Villager (Male) |
| 0:11 | Create | Villager (Male) |
| 0:11 | Create | Villager (Male) |
| 0:32 | Build | Lumber Camp |
| 0:41 | Build | Lumber Camp |
| 1:11 | Create | Villager (Male) |
| 1:11 | Create | Villager (Male) |
| 1:49 | Create | Villager (Male) |
| 1:49 | Create | Villager (Male) |
| 1:50 | Create | Villager (Male) |
| 2:11 | Create | Villager (Male) |
| 2:11 | Create | Villager (Male) |
| 2:31 | Create | Villager (Male) |
| 2:31 | Create | Villager (Male) |
| 3:00 | Build | House |
| 3:04 | Create | Villager (Male) |
| 3:04 | Create | Villager (Male) |
| 3:31 | Create | Villager (Male) |
| 3:31 | Create | Villager (Male) |
| 3:31 | Create | Villager (Male) |
| 4:05 | Create | Villager (Male) |
| 4:06 | Create | Villager (Male) |
| 4:16 | Build | Mill |
| 4:30 | Create | Villager (Male) |
| 4:30 | Create | Villager (Male) |
| 4:52 | Create | Villager (Male) |
| 4:52 | Create | Villager (Male) |
Match timeline
| 0:46 | Ceeelebrate · wall_segment Palisade Wall x8 |
| 1:11 | Ceeelebrate · wall_segment Palisade Wall x1 |
| 1:13 | Ceeelebrate · wall_segment Palisade Wall x1 |
| 1:19 | Thundernips, The Ultimate Gigolo · wall_segment Palisade Wall x9 |
| 1:37 | Don_Bourbon · wall_segment Palisade Wall x8 |
| 1:51 | Thundernips, The Ultimate Gigolo · wall_segment Palisade Wall x10 |
| 2:24 | Don_Bourbon · wall_segment Palisade Wall x1 |
| 2:41 | Don_Bourbon · wall_segment Palisade Wall x12 |
| 4:53 | Davidnwantfoy · resign |
[ AI ANALYSIS · 1 CREDIT ]
What really happened in this match?
Wolo.gg analyzes every decision: build order, eco, micro, common mistakes by bracket. Personalized analysis on WhatsApp or Discord in 30 seconds.
Civ guide
Franks
Perfil
Jugador #1877180